 Dungeon Crawl Stone Soup version 0.25-a0-460-g4f2eb97ec1 (webtiles) character file.

Game seed: 17536749968360615201, levelgen mode: deterministic

31 Nattfarinn the Sneak (level 3, 0/22 HPs)
             Began as a Kobold Assassin on Feb 3, 2020.
             Succumbed to an adder's poison
             ... on level 1 of the Dungeon.
             The game lasted 00:01:50 (1193 turns).

Nattfarinn the Sneak (Kobold Assassin)              Turns: 1193, Time: 00:01:51

Health: 0/22       AC:  4    Str:  8    XL:     3   Next: 40%
Magic:  3/3        EV: 14    Int: 17    God:
Gold:   64         SH:  0    Dex: 17    Spells: 2/2 levels left

rFire    . . .     SeeInvis .   a - +2 dagger
rCold    . . .     Gourm    .   (shield restricted)
rNeg     . . .     Faith    .   i - +0 leather armour
rPois    .         Spirit   .   (no helmet)
rElec    .         Reflect  .   c - +0 cloak
rCorr    .         Harm     .   (no gloves)
MR       .....                  (no boots)
Stlth    +++.......             (no amulet)
HPRegen  0.07/turn              (no ring)
MPRegen  0.08/turn              (no ring)

@: brilliant, lethally poisoned (0 -> -3)
A: small, carnivore
a: no special abilities


You were on level 1 of the Dungeon.
You were completely stuffed.

You visited 1 branch of the dungeon, and saw 2 of its levels.

You collected 64 gold pieces.

Inventory:

Hand Weapons
 a - a +2 dagger (weapon)
Missiles
 d - 19 poisoned darts (quivered)
 e - 2 curare-tipped darts
Armour
 b - a +0 robe
 c - a +0 cloak (worn)
 i - a +0 leather armour (worn)
Scrolls
 g - a scroll of remove curse {unknown}
 h - 2 scrolls of enchant armour {unknown}
 k - a scroll of fog {unknown}
Comestibles
 f - a ration
 j - 2 chunks of flesh


   Skills:
 + Level 2.5 Fighting
 + Level 3.2 Short Blades
 - Level 2.1 Throwing
 + Level 1.9 Dodging
 * Level 6.0 Stealth


You had 2 spell levels left.
You didn't know any spells.
Your spell library was empty.

Dungeon Overview and Level Annotations

Branches:
Dungeon (2/15)

Altars:


Innate Abilities, Weirdness & Mutations

You are small and have problems with some larger weapons.
You are carnivorous and can eat meat at any time.


Message History

The poisoned dart barely misses the adder.
The poisoned dart hits the hobgoblin.
The hobgoblin is poisoned.
You feel sick. The adder bites you but does no damage.
You hit the adder but do no damage.
The adder is moderately wounded.
The adder bites you. x2
* * * LOW HITPOINT WARNING * * *
You hit the adder.
The adder is heavily wounded.
The adder misses you.
It was a potion of brilliance.
You feel clever all of a sudden. The adder bites you.
* * * LOW HITPOINT WARNING * * *
You closely miss the adder.
The adder is heavily wounded.
The adder closely misses you.
You hit the adder.
The adder is severely wounded.
You die...

.#....# #....# #..#.# #.# .#....#
#....####.#.####.###### .#....#
#....+...........#..... ##....#
#....#####รท......#.####
##....#######.## #..>####.#..#..
##..........#.# #.######.#.#.##
##.....####.#.# #........#.##..
######.# #.#.#####........#.#.##
.....#.# #.....@Sg........#.#.#.
.....#.#####.######.########.#.#.
.....#.......)......# #.'.'.#.+.
...........#.#......####.###.#.#.
##########.#.####....(....##.#.#.
.........#.#.# #.#....##.##.#.##
########.#.#.# #.......#.##.##..
.# #.#.#.# #..###..#.##.#.## .#
#.#.#.# #..# #.....#..#..


You could see an adder and a hobgoblin.

Vanquished Creatures
  An ooze (D:1)
  A dart slug (D:1)
  A giant cockroach (D:1)
  4 goblins (D:1)
  5 hobgoblins (D:1)
  2 jackals (D:1)
  A quokka (D:1)
  A bat (D:1)
  3 frilled lizards (D:1)
  3 kobolds (D:1)
  A rat (D:1)
23 creatures vanquished.

Notes
Turn   | Place    | Note
-------+----------+-------------------------------------------
     0 | D:1      | Nattfarinn the Kobold Assassin began the quest for the Orb.
     0 | D:1      | Reached XP level 1. HP: 12/12 MP: 1/1
    49 | D:1      | Reached XP level 2. HP: 18/18 MP: 2/2
   528 | D:1      | Reached XP level 3. HP: 12/22 MP: 3/3
   878 | D:1      | Reached skill level 6 in Stealth
  1191 | D:1      | HP: 1/22 [adder (4)]
  1193 | D:1      | Succumbed to an adder's poison

Levels and vault maps discovered:
D:1:      matt_arrival_los_fun, layout_basic, st_stairs_7
D:2:      layout_basic, uniq_jessica

Skill      XL: |  1  2  3 |
---------------+----------+-----
Short Blades   | 3 |  3.2
Stealth        | 6 |  6.0
Fighting       | |  2.5
Throwing       | |  2.1
Dodging        | |  1.9

Action                   || total
-------------------------++-------
Melee: Dagger            ||    92
Throw: Dart              ||     2
  Use: Potion            ||     1
 Stab: Sleeping          ||     3
  Eat: Chunk             ||     9
Armor: Robe              ||     5
       Leather armour    ||    14
Dodge: Dodged            ||    58

Table legend:
 A = Non-vault XP
 B = Vault XP
 C = Vault XP percentage of total XP
 D = Non-vault monster count
 E = Vault monster count
 F = Vault count percentage of total count
                 A         B        C        D         E       F
            +---------+---------+-------+---------+---------+-------
      Total |      41 |       4 |   8.9 |      21 |       2 |   8.7
            +---------+---------+-------+---------+---------+-------
        D:1 |      41 |       4 |   8.9 |      21 |       2 |   8.7
            +---------+---------+-------+---------+---------+-------
